MLB
NEW YORK YANKEES @ TORONTO BLUE JAYS
08/11/2019
 
TOP OF THE 1ST
New York Yankees batting - Pitching for Toronto Blue Jays : RHP Jordan Lyles
Pitching: RHP Jordan Lyles
Batting: LHB Tony Kemp 0-0: Foul Ball, location: 2F
0-1: DOUBLE (Line Drive, 89D, EV 108.1 MPH)
Batting: LHB Scooter Gennett 0-0: Ball
1-0: Ball
2-0: Called Strike
2-1: Foul Ball, location: 2F
2-2: Fly out, F9 (Flyball, 9, EV 94.4 MPH)
Batting: RHB Anthony Rendon 0-0: Ball
1-0: SINGLE (Line Drive, 7S, EV 88.1 MPH)
Tony Kemp to third
Batting: LHB Willie Calhoun 0-0: Swinging Strike
0-1: DOUBLE (Line Drive, 9LS, EV 111.9 MPH)
Tony Kemp scores
Anthony Rendon to third
Batting: RHB Paul Goldschmidt 0-0: Fly out, F8 (Flyball, 78D, EV 98.1 MPH)
Runner from 3rd tags up, SCORES, throw by CF
Batting: LHB Charlie Blackmon 0-0: Ball
1-0: Called Strike
1-1: Swinging Strike
1-2: Strikes out swinging
Top of the 1st over - 2 runs, 3 hits, 0 errors, 1 left on base; New York 2 - Toronto 0
BOTTOM OF THE 1ST
Toronto Blue Jays batting - Pitching for New York Yankees : RHP Walker Buehler
Pitching: RHP Walker Buehler
Batting: RHB Keon Broxton 0-0: Called Strike
0-1: Called Strike
0-2: Ground out 5-3 (Groundball, 5, EV 83.1 MPH)
Batting: RHB Elvis Andrus 0-0: Swinging Strike
0-1: Ground out 5-3 (Groundball, 56S, EV 69.4 MPH)
Batting: RHB Kris Bryant 0-0: Ball
1-0: Foul Ball, location: 2F
1-1: Called Strike
1-2: Ball
2-2: Foul Ball, location: 2F
2-2: Foul Ball, location: 2F
2-2: Ball
3-2: SINGLE (Flyball, 9S, EV 90.6 MPH)
Batting: RHB Nicholas Castellanos 0-0: Ball
1-0: Foul Ball, location: 2F
1-1: Fly out, F8 (Line Drive, 8RD, EV 99.4 MPH)
Bottom of the 1st over - 0 runs, 1 hit, 0 errors, 1 left on base; New York 2 - Toronto 0
TOP OF THE 2ND
New York Yankees batting - Pitching for Toronto Blue Jays : RHP Jordan Lyles
Batting: RHB Ryan Braun 0-0: Called Strike
0-1: SINGLE (Groundball, 6, EV 105.6 MPH) (infield hit)
Batting: LHB Brandon Crawford 0-0: Foul Ball, location: 2F
0-1: Ball
1-1: Foul Ball, location: 2F
1-2: Foul Ball, location: 2F
1-2: Ball
2-2: Foul Ball, location: 2F
2-2: Fielders Choice at 2nd, 4-6 (Groundball, 34, EV 98.1 MPH)
Batting: RHB James McCann 0-0: Ball
1-0: Fly out, F6 (Popup, 4MS, EV 80.0 MPH)
Batting: LHB Tony Kemp 0-0: Ball
1-0: Called Strike
1-1: Called Strike
1-2: Ball
2-2: DOUBLE (Line Drive, 89M, EV 101.9 MPH)
Brandon Crawford to third
Runner from 3rd tries for Home, SAFE, no throw by RF
Batting: LHB Scooter Gennett 0-0: Called Strike
0-1: Foul Ball, location: 2F
0-2: Foul Ball, location: 2F
0-2: Ball
1-2: Ball
2-2: Foul Ball, location: 2F
2-2: Ball
3-2: Strikes out swinging
Top of the 2nd over - 1 run, 2 hits, 0 errors, 1 left on base; New York 3 - Toronto 0
BOTTOM OF THE 2ND
Toronto Blue Jays batting - Pitching for New York Yankees : RHP Walker Buehler
Batting: RHB Yoenis Cespedes 0-0: Ball
1-0: Ball
2-0: Called Strike
2-1: Fly out, F9 (Flyball, 9, EV 92.5 MPH)
Batting: SHB Josh Bell 0-0: Ball
1-0: Foul Ball, location: 2F
1-1: Ball
2-1: Foul Ball, location: 2F
2-2: Ball
3-2: Strikes out looking
Batting: SHB Matt Wieters 0-0: Swinging Strike
0-1: Foul Ball, location: 2F
0-2: Ball
1-2: Ball
2-2: Foul Ball, location: 2F
2-2: Ball
3-2: Fly out, F9 (Flyball, 9LM, EV 94.4 MPH)
Bottom of the 2nd over - 0 runs, 0 hits, 0 errors, 0 left on base; New York 3 - Toronto 0
TOP OF THE 3RD
New York Yankees batting - Pitching for Toronto Blue Jays : RHP Jordan Lyles
Batting: RHB Anthony Rendon 0-0: Called Strike
0-1: Foul Ball, location: 2F
0-2: Ground out 4-3 (Groundball, 4, EV 76.3 MPH)
Batting: LHB Willie Calhoun 0-0: Swinging Strike
0-1: Ball
1-1: Foul Ball, location: 2F
1-2: DOUBLE (Line Drive, 3D, EV 98.1 MPH)
Batting: RHB Paul Goldschmidt 0-0: Called Strike
0-1: Called Strike
0-2: Ball
1-2: Ball
2-2: Foul Ball, location: 2F
2-2: Strikes out looking
Batting: LHB Charlie Blackmon 0-0: SINGLE (Line Drive, 3L, EV 100.0 MPH)
Willie Calhoun to third
Runner from 3rd tries for Home, SAFE, no throw by RF
Batting: RHB Ryan Braun 0-0: Ball
1-0: Ball
Charlie Blackmon steals 2nd base
2-0: Ball
3-0: Called Strike
3-1: Called Strike
3-2: Strikes out swinging
Top of the 3rd over - 1 run, 2 hits, 0 errors, 1 left on base; New York 4 - Toronto 0
BOTTOM OF THE 3RD
Toronto Blue Jays batting - Pitching for New York Yankees : RHP Walker Buehler
Batting: RHB Juan Lagares 0-0: Ball
1-0: Called Strike
1-1: Fly out, F9 (Line Drive, 9, EV 106.9 MPH)
Batting: RHB Dixon Machado 0-0: Ball
1-0: Fly out, F9 (Flyball, 9, EV 74.4 MPH)
Batting: RHB Keon Broxton 0-0: Ball
1-0: Ball
2-0: Swinging Strike
2-1: Foul Ball, location: 2F
2-2: Strikes out swinging
Bottom of the 3rd over - 0 runs, 0 hits, 0 errors, 0 left on base; New York 4 - Toronto 0
TOP OF THE 4TH
New York Yankees batting - Pitching for Toronto Blue Jays : RHP Jordan Lyles
Batting: LHB Brandon Crawford 0-0: Ball
1-0: Ball
2-0: Foul Ball, location: 2F
2-1: Foul Ball, location: 2F
2-2: Ground out 4-3 (Groundball, 4, EV 81.9 MPH)
Batting: RHB James McCann 0-0: Ball
1-0: Called Strike
1-1: Ball
2-1: Fly out, F3 (Popup, 3SF, EV 72.5 MPH)
Batting: LHB Tony Kemp 0-0: Swinging Strike
0-1: SINGLE (Line Drive, 34D, EV 98.8 MPH)
Batting: LHB Scooter Gennett 0-0: Ball
1-0: Ball
2-0: Ball
3-0: Foul Ball, location: 2F
3-1: Foul Ball, location: 2F
3-2: Base on Balls
Tony Kemp to second
Batting: RHB Anthony Rendon 0-0: Ground out 5-3 (Groundball, 56S, EV 70.6 MPH)
Top of the 4th over - 0 runs, 1 hit, 0 errors, 2 left on base; New York 4 - Toronto 0
BOTTOM OF THE 4TH
Toronto Blue Jays batting - Pitching for New York Yankees : RHP Walker Buehler
Batting: RHB Elvis Andrus 0-0: Swinging Strike
0-1: Swinging Strike
0-2: Ball
1-2: Ball
2-2: Strikes out looking
Batting: RHB Kris Bryant 0-0: Ball
1-0: Foul Ball, location: 2F
1-1: Called Strike
1-2: Ground out 6-3 (Groundball, 6, EV 85.0 MPH)
Batting: RHB Nicholas Castellanos 0-0: Called Strike
0-1: Swinging Strike
0-2: Ball
1-2: Foul Ball, location: 2F
1-2: Strikes out swinging
Bottom of the 4th over - 0 runs, 0 hits, 0 errors, 0 left on base; New York 4 - Toronto 0
TOP OF THE 5TH
New York Yankees batting - Pitching for Toronto Blue Jays : RHP Jordan Lyles
Pitching: RHP JC Ramirez
Batting: LHB Willie Calhoun 0-0: Called Strike
0-1: Swinging Strike
0-2: Fly out, F8 (Flyball, 8LXD, EV 98.1 MPH)
Batting: RHB Paul Goldschmidt 0-0: Called Strike
0-1: Swinging Strike
0-2: Ball
1-2: SINGLE (Groundball, 6MD, EV 103.1 MPH)
Batting: LHB Charlie Blackmon 0-0: Ball
1-0: Foul Ball, location: 2F
1-1: Swinging Strike
1-2: Ball
2-2: Ball
Paul Goldschmidt is caught stealing 2nd base 2-6
3-2: Foul Ball, location: 2F
3-2: SINGLE (Line Drive, 6MD, EV 97.5 MPH)
Batting: RHB Ryan Braun 0-0: Ball
1-0: Called Strike
1-1: Foul Ball, location: 2F
1-2: Ball
2-2: Ground out 4-3 (Groundball, 34, EV 90.0 MPH)
Top of the 5th over - 0 runs, 2 hits, 0 errors, 1 left on base; New York 4 - Toronto 0
BOTTOM OF THE 5TH
Toronto Blue Jays batting - Pitching for New York Yankees : RHP Walker Buehler
Batting: RHB Yoenis Cespedes 0-0: Called Strike
0-1: Fly out, F8 (Flyball, 8RM, EV 78.8 MPH)
Batting: SHB Josh Bell 0-0: Ground out U3 (Groundball, 34, EV 107.5 MPH)
Batting: SHB Matt Wieters 0-0: Ground out 4-3 (Groundball, 4, EV 86.3 MPH)
Bottom of the 5th over - 0 runs, 0 hits, 0 errors, 0 left on base; New York 4 - Toronto 0
TOP OF THE 6TH
New York Yankees batting - Pitching for Toronto Blue Jays : RHP JC Ramirez
Batting: LHB Brandon Crawford 0-0: Fly out, F6 (Popup, 6M, EV 53.8 MPH)
Batting: RHB James McCann 0-0: Ball
1-0: Called Strike
1-1: Foul Ball, location: 2F
1-2: Strikes out swinging passed ball, reaches first!
Pitching: RHP Danny Barnes
Batting: LHB Tony Kemp 0-0: Ball
1-0: Foul Ball, location: 2F
1-1: Foul Ball, location: 2F
1-2: Foul Ball, location: 2F
1-2: Ball
2-2: Foul Ball, location: 2F
2-2: 2-RUN HOME RUN (Flyball, 9LD, EV 93.8 MPH), Distance : 351 ft
Batting: LHB Scooter Gennett 0-0: Ball
1-0: Ball
2-0: Ball
3-0: Called Strike
3-1: Called Strike
3-2: Foul Ball, location: 2F
3-2: Foul Ball, location: 2F
3-2: Fly out, F7 (Flyball, 7D, EV 86.9 MPH)
Batting: RHB Anthony Rendon 0-0: Called Strike
0-1: Foul Ball, location: 2F
0-2: Ball
1-2: Ball
2-2: Ball
3-2: Ground out 4-3 (Groundball, 4S, EV 70.6 MPH)
Top of the 6th over - 2 runs, 1 hit, 0 errors, 0 left on base; New York 6 - Toronto 0
BOTTOM OF THE 6TH
Toronto Blue Jays batting - Pitching for New York Yankees : RHP Walker Buehler
Pitching: LHP Xavier Cedeno
Batting: RHB Juan Lagares 0-0: SINGLE (Groundball, 56D, EV 105.6 MPH)
Batting: RHB Dixon Machado 0-0: Ball
1-0: Ball
2-0: Called Strike
2-1: Ball
3-1: Grounds into double play, 6-4-3 (Groundball, 6, EV 100.0 MPH)
Batting: RHB Keon Broxton 0-0: Ball
1-0: Ball
2-0: Ball
3-0: Called Strike
3-1: Base on Balls
Batting: RHB Elvis Andrus 0-0: Called Strike
0-1: Ball
1-1: Ball
2-1: Fielders Choice at 2nd, 6-4 (Groundball, 6, EV 86.9 MPH)
Bottom of the 6th over - 0 runs, 1 hit, 0 errors, 1 left on base; New York 6 - Toronto 0
TOP OF THE 7TH
New York Yankees batting - Pitching for Toronto Blue Jays : RHP Danny Barnes
Batting: LHB Willie Calhoun 0-0: Called Strike
0-1: Ball
1-1: Ball
2-1: Called Strike
2-2: Ball
3-2: Ground out 1-3 (Groundball, 13S, EV 71.3 MPH)
Pitching: RHP Mason McCullough
Batting: RHB Paul Goldschmidt 0-0: Called Strike
0-1: Ball
1-1: Ground out 5-3 (Groundball, 56, EV 103.1 MPH)
Batting: LHB Charlie Blackmon 0-0: Fly out, F9 (Line Drive, 89S, EV 103.1 MPH)
Top of the 7th over - 0 runs, 0 hits, 0 errors, 0 left on base; New York 6 - Toronto 0
BOTTOM OF THE 7TH
Toronto Blue Jays batting - Pitching for New York Yankees : LHP Xavier Cedeno
Batting: RHB Kris Bryant 0-0: Ball
1-0: Called Strike
1-1: Ball
2-1: Ball
3-1: Foul Ball, location: 2F
3-2: Foul Ball, location: 2F
3-2: Foul Ball, location: 2F
3-2: SINGLE (Groundball, 56D, EV 97.5 MPH)
Pitching: LHP Felipe Vazquez
Batting: RHB Nicholas Castellanos 0-0: Called Strike
0-1: Foul Ball, location: 2F
0-2: Strikes out swinging
Batting: RHB Yoenis Cespedes 0-0: Called Strike
0-1: Ball
1-1: Foul Ball, location: 2F
1-2: Strikes out looking
Batting: SHB Josh Bell 0-0: Fly out, F7 (Line Drive, 7, EV 105.0 MPH)
Bottom of the 7th over - 0 runs, 1 hit, 0 errors, 1 left on base; New York 6 - Toronto 0
TOP OF THE 8TH
New York Yankees batting - Pitching for Toronto Blue Jays : RHP Mason McCullough
Batting: RHB Ryan Braun 0-0: Ball
1-0: Called Strike
1-1: Foul Ball, location: 2F
1-2: Foul Ball, location: 2F
1-2: Strikes out swinging
Batting: LHB Brandon Crawford 0-0: Ball
1-0: Foul Ball, location: 2F
1-1: Ball
2-1: Ball
3-1: Foul Ball, location: 2F
3-2: Base on Balls
Batting: RHB James McCann 0-0: Swinging Strike
0-1: Foul Ball, location: 2F
0-2: Strikes out swinging
Batting: LHB Tony Kemp 0-0: Ball
1-0: Ball
2-0: Ground out 4-3 (Groundball, 34, EV 109.4 MPH)
Top of the 8th over - 0 runs, 0 hits, 0 errors, 1 left on base; New York 6 - Toronto 0
BOTTOM OF THE 8TH
Toronto Blue Jays batting - Pitching for New York Yankees : LHP Felipe Vazquez
Batting: SHB Matt Wieters 0-0: Called Strike
0-1: SINGLE (Flyball, 78S, EV 84.4 MPH)
Batting: RHB Juan Lagares 0-0: Fielders Choice at 2nd, 4-6 (Groundball, 34, EV 81.3 MPH)
Batting: RHB Dixon Machado 0-0: Swinging Strike
0-1: Called Strike
0-2: Ball
1-2: Foul Ball, location: 2F
1-2: Strikes out swinging
Batting: RHB Keon Broxton 0-0: Called Strike
0-1: Foul Ball, location: 2F
0-2: Foul Ball, location: 2F
0-2: Ball
1-2: Fly out, F8 (Flyball, 8RS, EV 75.6 MPH)
Bottom of the 8th over - 0 runs, 1 hit, 0 errors, 1 left on base; New York 6 - Toronto 0
TOP OF THE 9TH
New York Yankees batting - Pitching for Toronto Blue Jays : RHP Mason McCullough
Pitching: RHP Trevor Rosenthal
Batting: LHB Scooter Gennett 0-0: Foul Ball, location: 2F
0-1: Foul Ball, location: 2F
0-2: Fly out, F7 (Flyball, 7, EV 91.9 MPH)
Batting: RHB Anthony Rendon 0-0: Foul Ball, location: 2F
0-1: Foul Ball, location: 2F
0-2: Ground out 6-3 (Groundball, 6, EV 83.8 MPH)
Batting: LHB Willie Calhoun 0-0: Swinging Strike
0-1: Ground out 4-3 (Groundball, 4, EV 103.8 MPH)
Top of the 9th over - 0 runs, 0 hits, 0 errors, 0 left on base; New York 6 - Toronto 0
BOTTOM OF THE 9TH
Toronto Blue Jays batting - Pitching for New York Yankees : LHP Felipe Vazquez
Batting: RHB Elvis Andrus 0-0: Called Strike
0-1: Called Strike
0-2: Ball
1-2: Ball
2-2: Strikes out swinging
Batting: RHB Kris Bryant 0-0: Ball
1-0: Swinging Strike
1-1: Foul Ball, location: 2F
1-2: Ball
2-2: Ball
3-2: Strikes out looking
Batting: RHB Nicholas Castellanos 0-0: Fly out, F7 (Flyball, 78S, EV 79.4 MPH)
Bottom of the 9th over - 0 runs, 0 hits, 0 errors, 0 left on base; New York 6 - Toronto 0
Friday, November 15th, 2019 - OOTP Baseball 20.7 Build 68